 Dungeon Sprint DCSS version 0.27.1-2-g3b301248ec (webtiles) character file.

Game seed: 13476207772089534045

2993 boopmooplesden the Blocker (level 9, -5/93 HPs)
             Began as a Minotaur Fighter on Sept 22, 2021.
             Was a Priest of Okawaru.
             Slain by a deep troll (10 damage)
             ... in the Dungeon (Sprint II: "The Violet Keep of Menkaure").
             The game lasted 00:06:03 (1683 turns).

boopmooplesden the Blocker (Minotaur Fighter)       Turns: 1683, Time: 00:06:04

Health: -5/93      AC: 19    Str: 24    XL:     9   Next: 54%
Magic:  6/8        EV:  9    Int:  5    God:    Okawaru [***...]
Gold:   45         SH: 27    Dex: 10    Spells: 8/8 levels left

rFire    + . .     SeeInvis .   a - +0 long sword
rCold    . . .     Faith    .   k - +0 tower shield {rF+}
rNeg     . . .     Spirit   .   d - +0 plate armour
rPois    .         Reflect  +   (helmet restricted)
rElec    .         Harm     .   l - scarf {shadows}
rCorr    .         Rampage  .   (no gloves)
Will     .....     NoTele   +   o - +0 pair of boots
Stlth    ..........             m - amulet of reflection
HPRegen  0.25/turn              (no ring)
MPRegen  0.11/turn              (no ring)

@: heroic
A: horns 2, retaliatory headbutt
a: Renounce Religion, Heroism


You were in the Dungeon.
You worshipped Okawaru.
Okawaru was most pleased with you.
You visited 1 branch You collected 1240 gold pieces.
You spent 1195 gold pieces at shops.

Inventory:

Hand Weapons
 a - a +0 long sword (weapon)
 f - the +10 flail of Gloom {spect, *Noise rC++ Int+4 Stlth+}
   (You found it in the Dungeon)

   When its wielder attacks, the weapon's spirit leaps out and strikes again.
   The spirit shares a part of any damage it takes with its wielder.
   Int:       It affects your intelligence (+4).
   rC:        It greatly protects you from cold.
   *Noise:    It may make noises in combat.
   Stlth:     It makes you more stealthy.
Armour
 b - a +0 scale mail
 c - a +1 kite shield
 d - a +0 plate armour (worn)
 e - a +0 cloak
 k - a +0 tower shield of fire resistance (worn)
 l - a scarf of shadows (worn)
 o - a +0 pair of boots (worn)
Jewellery
 m - an amulet of reflection (around neck)
 s - a +4 ring of slaying
Scrolls
 j - 2 scrolls of blinking
 t - a scroll of fog
Potions
 h - 8 potions of magic
 i - a potion of berserk rage
 n - a potion of mutation {unknown}
 p - 2 potions of might
 q - a potion of invisibility
 r - 2 potions of flight
 u - a potion of cancellation {unknown}
 w - 3 potions of resistance
 x - a potion of attraction


   Skills:
 + Level 13.0(18.0) Fighting
 + Level 13.2(18.2) Long Blades
 + Level 12.2(17.2) Armour
 + Level 5.4(10.4) Dodging
 + Level 1.8(6.8) Stealth
 + Level 13.4(18.4) Shields


You had 8 spell levels left.
You didn't know any spells.
Your spell library was empty.

Dungeon Overview and Level Annotations

Branches:
Dungeon (1/1)

Altars:
Cheibriados
Dithmenos
Elyvilon
Fedhas
Gozag
Hepliaklqana
Kikubaaqudgha
Makhleb
Nemelex Xobeh
Okawaru
Qazlal
Ru
Sif Muna
Trog
Uskayaw
Vehumet
Wu Jian
Xom
Yredelemnul
Zin
The Shining One
Beogh
Jiyva
Lugonu

Shops:
D *!::([![=??=*((

Annotations:
D exclusion: oklob plant, Roxanne


Innate Abilities, Weirdness & Mutations

You have a pair of horns on your head.
You reflexively headbutt those who attack you in melee.


Message History

You headbutt the deep troll, but do no damage.
The deep troll is lightly wounded.
You block the deep troll's attack. x3
You hit the deep troll.
The deep troll is lightly wounded.
The deep troll is engulfed in a cloud of scalding steam.
You block the deep troll's attack. x3
You barely miss the deep troll.
You headbutt the deep troll, but do no damage.
The deep troll is lightly wounded.
You slash the deep troll! Your headbutt misses the deep troll.
The deep troll is moderately wounded.
You block the deep troll's attack.
The deep troll claws you but does no damage.
You block the deep troll's attack.
You closely miss the deep troll.
The deep troll is moderately wounded.
You hit the deep troll but do no damage.
You headbutt the deep troll, but do no damage.
The deep troll is moderately wounded.
You block the deep troll's attack. x3
You slash the deep troll! Your headbutt misses the deep troll.
The deep troll is moderately wounded.
You slash the deep troll! Your headbutt misses the deep troll.
The deep troll is heavily wounded.
You block the deep troll's attack. x3
You slash the deep troll!
The deep troll is severely wounded.
You feel yourself slow down. The deep troll bites you.
* * * LOW HITPOINT WARNING * * *
You block the deep troll's attack. x2
You closely miss the deep troll.
The deep troll is severely wounded.
You barely miss the deep troll. Your headbutt misses the deep troll.
The deep troll is severely wounded.
You block the deep troll's attack.
The deep troll claws you but does no damage.
The deep troll claws you!
You die...

≈≈≈≈.## ##.. #}°▓§§§.§. ≈≈≈≈##.
.##.#### #::▓§§§§§§ ≈≈≈≈#..#..#
...# ...####▓..[..(
≈≈####...####..## #..# .#▓...()[
≈##.###'###.##..# +..# .#▓((....
≈##..##.##.#.#..# #^.# .#▓..(.(§
≈'.##'.<.'###'..####..##.#▓(...((
≈##..##.##.#.#....###...##▓▓▓▓▓▓▓
≈##.###'###.##.§@T..≈≈≈≈≈≈≈≈≈≈§≈≈
≈≈#####..####§≈§§§§.≈#)########§#
#≈≈≈#.##..#≈≈≈≈≈§≈..≈#_._.....#§§
#'#≈##†#.##≈≈≈≈≈≈§≈§≈#._._....#§≈
#)#≈≈##+##≈≈≈≈§§§§§≈≈#_._._...#§≈
####≈≈≈≈≈≈≈≈≈≈≈§§§§≈≈#._._._..#≈†
#+++#+++#≈≈≈≈§§≈≈§#_._._._.#§§
≈≈≈≈≈ ##≈≈≈###§§#._._._._#§§
≈≈≈≈§≈≈≈≈##§≈#.#§≈#.._._._.#§§


You could see a deep troll.

Vanquished Creatures
  A deep troll (D)
  A yaktaur (D)
  A hornet (D)
  3 polar bears (D)
  2 wyverns (D)
  A vampire mosquito (D)
  Menkaure (D)
  3 water moccasins (D)
  4 necrophages (D)
  4 scorpions (D)
  3 worms (D)
24 creatures vanquished.

Vanquished Creatures (others)
  A water moccasin (D)
  8 tentacles (D)
9 creatures vanquished.

Grand Total: 33 creatures vanquished

Notes
Turn   | Place    | Note
-------+----------+-------------------------------------------
     0 | D        | boopmooplesden the Minotaur Fighter began the quest for the
                  | Orb.
     0 | D        | Reached XP level 1. HP: 19/19 MP: 0/0
     1 | D        | Noticed a scorpion
     1 | D        | Noticed a scorpion
     1 | D        | Noticed a scorpion
     1 | D        | Noticed a scorpion
     7 | D        | Killed a scorpion
     8 | D        | Reached skill level 5 in Armour
     8 | D        | Reached XP level 2. HP: 24/30 MP: 1/1
     8 | D        | Reached XP level 3. HP: 30/37 MP: 2/2
     9 | D        | Killed a scorpion
    10 | D        | Reached XP level 4. HP: 39/47 MP: 3/3
    15 | D        | Killed a scorpion
    16 | D        | Reached skill level 5 in Long Blades
    16 | D        | Reached XP level 5. HP: 28/53 MP: 4/4
    21 | D        | Killed a water moccasin
   240 | D        | Noticed Roxanne
   260 | D        | Noticed a wyvern
   260 | D        | Noticed a wyvern
   265 | D        | Killed a wyvern
   266 | D        | Reached skill level 1 in Dodging
   266 | D        | Reached XP level 6. HP: 56/66 MP: 5/5
   271 | D        | Killed a wyvern
   272 | D        | Reached skill level 10 in Fighting
   272 | D        | Reached XP level 7. HP: 22/73 MP: 6/6
   516 | D        | Reached skill level 10 in Shields
   522 | D        | Reached skill level 10 in Armour
   522 | D        | Reached skill level 1 in Stealth
   532 | D        | Reached skill level 10 in Long Blades
   542 | D        | Found Extocait's Magic Scroll Shop.
   542 | D        | Found Zabreoll's Assorted Antiques.
   542 | D        | Found Rejoe's Jewellery Boutique.
   542 | D        | Found Pemadau's Weapon Shop.
   542 | D        | Found Faphuasu's Magic Scroll Boutique.
   542 | D        | Found Roquy's Jewellery Boutique.
   543 | D        | Found Ycoof's Antique Armour Boutique.
   543 | D        | Found Giol's Antique Weapon Boutique.
   544 | D        | Found Vamyffiwk's Distillery.
   544 | D        | Found Megut's Antique Armour Boutique.
   544 | D        | Noticed Menkaure
   544 | D        | Noticed a slime creature
   554 | D        | Killed Menkaure
   562 | D        | Noticed a vampire mosquito
   571 | D        | Killed a vampire mosquito
   572 | D        | Reached XP level 8. HP: 26/82 MP: 7/7
   580 | D        | Found Ibbic's Antique Weapon Boutique.
   580 | D        | Found Hidilosk's Book Shop.
   580 | D        | Noticed a slime creature
   580 | D        | Noticed a slime creature
   580 | D        | Noticed an oklob plant
   581 | D        | Found Hafusses's Distillery.
   581 | D        | Found Tefu's Book Shoppe.
   581 | D        | Found Giat's Assorted Antiques.
   602 | D        | Noticed a hell hog
   602 | D        | Noticed a hell hog
   603 | D        | Bought a cloak for 112 gold pieces
   611 | D        | Bought a runed tower shield for 180 gold pieces
   625 | D        | Bought a glowing scarf for 216 gold pieces
   625 | D        | Bought a glowing platinum amulet for 135 gold pieces
   828 | D        | Found an iron altar of Okawaru.
   828 | D        | Found a radiant altar of Vehumet.
   829 | D        | Found a sparkling altar of Nemelex Xobeh.
   829 | D        | Found a hide-covered altar of Uskayaw.
   829 | D        | Found a glowing silver altar of Zin.
   830 | D        | Found an opulent altar of Gozag.
   830 | D        | Found a burning altar of Makhleb.
   830 | D        | Found a bloodstained altar of Trog.
   831 | D        | Found a blossoming altar of Fedhas.
   831 | D        | Found a corrupted altar of Lugonu.
   832 | D        | Found a white marble altar of Elyvilon.
   832 | D        | Found an ancient bone altar of Kikubaaqudgha.
   833 | D        | Found a shadowy altar of Dithmenos.
   835 | D        | Found a snail-covered altar of Cheibriados.
   835 | D        | Found a basalt altar of Yredelemnul.
   835 | D        | Found a shimmering blue altar of Sif Muna.
   835 | D        | Found a viscous altar of Jiyva.
   835 | D        | Noticed a hornet
   835 | D        | Noticed a polar bear
   835 | D        | Noticed a polar bear
   836 | D        | Found a shimmering altar of Xom.
   836 | D        | Found a sacrificial altar of Ru.
   836 | D        | Found a hazy altar of Hepliaklqana.
   837 | D        | Became a worshipper of Warmaster Okawaru
   837 | D        | Noticed a polar bear
   838 | D        | Noticed a yaktaur
   847 | D        | Killed a polar bear
   850 | D        | Killed a polar bear
   858 | D        | Killed a hornet
   858 | D        | Reached * piety under Okawaru
   864 | D        | Killed a polar bear
   868 | D        | Killed a yaktaur
   868 | D        | Reached ** piety under Okawaru
   869 | D        | Reached XP level 9. HP: 56/91 MP: 8/8
  1039 | D        | Reached skill level 5 in Dodging
  1049 | D        | Found a glowing golden altar of the Shining One.
  1049 | D        | Found an ornate altar of the Wu Jian Council.
  1049 | D        | Found a stormy altar of Qazlal.
  1333 | D        | Noticed a kraken
  1546 | D        | Bought a plate armour for 552 gold pieces
  1596 | D        | Noticed an ice statue
  1601 | D        | Identified the +10 flail of Gloom {spect, *Noise rC++ Int+4
                  | Stlth+}
  1636 | D        | Noticed a deep troll
  1636 | D        | Noticed a deep troll
  1644 | D        | Killed a deep troll
  1644 | D        | Reached *** piety under Okawaru
  1649 | D        | HP: 3/93 [deep troll (6)]
  1681 | D        | HP: 4/93 [deep troll (4)]
  1683 | D        | Slain by a deep troll

Illustrated notes

Levels and vault maps discovered:
D:        the_violet_keep_of_menkaure [sprint2_stairs_cluster_1,
          sprint2_shoproom, sprint2_temple, sprint2_basic_supplies,
          sprint2_obstacle_6, sprint2_obstacle_2, sprint2_obstacle_1,
          sprint2_obstacle_3, sprint2_obstacle_7, sprint2_timed_cluster_1,
          sprint2_smallroom_cluster_1, sprint2_smallroom_final_cluster_1,
          sprint2_transparent_cluster_1, sprint2_second_timed_cluster_1,
          sprint2_sniper_area_1, sprint2_heavy_combat_area_1,
          sprint2_mutation_trap_area_1, sprint2_forest_area_1,
          sprint2_light_combat_area_1, sprint2_behind_water_1,
          sprint2_near_end_vault_1]

Skill      XL: |  1  2  3  4  5  6  7  8  9 |
---------------+----------------------------+-----
Fighting       | 6 7 8 9 10 11 12 13 | 13.0
Long Blades    | 3 4 5 7 8 10 12 13 | 13.2
Armour         | 5 6 7 9 10 11 12 | 12.2
Shields        | 6 7 9 10 12 13 | 13.4
Dodging        | 1 3 4 5 |  5.4
Stealth        | 1 |  1.8

Action                   |  1- 3 |  4- 6 |  7- 9 || total
-------------------------+-------+-------+-------++-------
Melee: Long sword        |     6 |    35 |   105 ||   146
       Headbutt          |     3 |    10 |    19 ||    32
Invok: Heroism           |       |       |     1 ||     1
  Use: Potion            |     1 |       |     4 ||     5
       Scroll            |       |       |     7 ||     7
Armor: Scale mail        |     3 |     9 |    27 ||    39
       Plate armour      |       |       |    10 ||    10
Dodge: Dodged            |     3 |     2 |    33 ||    38
Block: Kite shield       |     1 |    18 |    10 ||    29
       Tower shield      |       |       |   147 ||   147
       Rpst.: Long sword |     2 |       |     6 ||     8
